 Dungeon Crawl Stone Soup version 0.26.1-11-gd32895ea62 (webtiles) character file.

Game seed: 9728462448016592897

151 Almogavar the Fighter (level 5, -14/51 HPs)
             Began as a Gnoll Wanderer on May 24, 2021.
             Blown up by Ijyb (31 damage)
             ... with a disintegration bolt
             ... on level 3 of the Dungeon.
             The game lasted 00:04:46 (2382 turns).

Almogavar the Fighter (Gnoll Wanderer)              Turns: 2382, Time: 00:04:47

Health: -14/51     AC:  7    Str: 17    XL:     5   Next: 33%
Magic:  7/7        EV: 11    Int: 13    God:
Gold:   47         SH:  0    Dex: 14    Spells: 6/6 levels left

rFire    . . .     SeeInvis .   a - +3 hand axe
rCold    . . .     Faith    .   (no shield)
rNeg     . . .     Spirit   .   b - +0 ring mail
rPois    .         Reflect  .   g - +0 helmet (curse)
rElec    .         Harm     .   (no cloak)
rCorr    .         Rampage  .   (no gloves)
Will     .....                  (no boots)
Stlth    +.........             (no amulet)
HPRegen  0.17/turn              (no ring)
MPRegen  0.10/turn              (no ring)

@: no status effects
A: distributed training, fangs 1, strong nose
a: no special abilities


You were on level 3 of the Dungeon.
You visited 1 branch of the dungeon, and saw 3 of its levels.

You collected 47 gold pieces.

Inventory:

Hand Weapons
 a - a +3 hand axe (weapon)
 r - a +0 hunting sling
Missiles
 n - 2 atropa-tipped darts (quivered)
 o - 76 sling bullets
 q - 36 arrows
 s - 125 stones
Armour
 b - a +0 ring mail (worn)
 g - a cursed +0 helmet (worn)
 j - a +0 chain mail
 u - a +0 scale mail
Scrolls
 d - 3 scrolls of enchant weapon
 e - 2 scrolls of random uselessness {unknown}
 f - a scroll of amnesia
 h - 2 scrolls of remove curse {unknown}
 k - 3 scrolls of teleportation {unknown}
 l - a scroll of identify {unknown}
 t - a scroll of immolation {unknown}
 w - a scroll of blinking {unknown}
Potions
 c - a potion of lignification
 i - 2 potions of attraction {unknown}
 m - a potion of flight {unknown}
 p - 2 potions of heal wounds {unknown}
 v - a potion of curing {unknown}


   Skills:
 + Level 8.6 Fighting
 + Level 1.4 Short Blades
 + Level 1.4 Long Blades
 + Level 4.8 Axes
 + Level 1.4 Maces & Flails
 + Level 1.4 Polearms
 + Level 1.4 Staves
 + Level 1.4 Slings
 + Level 1.4 Bows
 + Level 1.4 Crossbows
 + Level 3.0 Throwing
 + Level 4.8 Armour
 + Level 1.4 Dodging
 + Level 1.4 Stealth
 + Level 3.0 Shields
 + Level 1.4 Unarmed Combat
 + Level 1.4 Spellcasting
 + Level 1.1 Conjurations
 + Level 1.1 Hexes
 + Level 1.1 Summonings
 + Level 1.1 Necromancy
 + Level 1.1 Translocations
 + Level 1.1 Transmutations
 + Level 1.1 Fire Magic
 + Level 1.1 Ice Magic
 + Level 1.1 Air Magic
 + Level 1.1 Earth Magic
 + Level 1.1 Poison Magic
 + Level 1.6 Invocations
 + Level 1.4 Evocations


You had 6 spell levels left.
You didn't know any spells.
Your spell library was empty.

Dungeon Overview and Level Annotations

Branches:
Dungeon (3/15)

Altars:
Hepliaklqana
Wu Jian
Xom
Zin

Annotations:
D:3 1 runed translucent door, Ijyb; danmikkh's ghost, amateur DsMo


Innate Abilities, Weirdness & Mutations

Your experience applies equally to all skills.
You have very sharp teeth.
Your uncanny sense of smell can sniff out nearby items.


Message History

You are too injured to fight recklessly!
You are too injured to fight recklessly!
You hit Ijyb.
Ijyb is lightly wounded.
Ijyb seems less confused.
Ijyb zaps a wand.
You are blasted!
You barely miss Ijyb. Your bite misses Ijyb.
Ijyb is lightly wounded.
Ijyb closely misses you.
You strike the helpless Ijyb from behind!
You hit Ijyb.
Ijyb is moderately wounded.
Ijyb zaps a wand.
You are blasted!
You hit Ijyb but do no damage.
Ijyb is moderately wounded.
Ijyb zaps a wand.
You are blasted!
You closely miss Ijyb.
Ijyb is moderately wounded.
Ijyb zaps a wand.
You are blasted!
Ouch! That really hurt!
You die...

.###.#.# #.# #.# #.# ##.# ##
#.#.# #.# #.# #.# #.# #
#.#.######.# #.# #.# #.# #
#.#..#.P##.######.# #.####.##
####.#..+$8##........# #........
........#WP########..#########.##
........# #.....##............#
####.#..##.#####.###.###########
#.##.##......@(...# ########
#.##.########g##### #...>...
#.##.# #.# #.###### # #.##.# #.#
#<# ####.##.# #.# #†# ......#.#
#.# #.# ...#..#.# #.# #.####
##.#..#.# #.# #....# #.#..#.#
####.#


You could see Ijyb (blind).

Vanquished Creatures
  6 adders
  4 oozes
  A worm (D:2)
  4 leopard geckos
  12 bats
  A giant cockroach (D:2)
  4 goblins
  11 hobgoblins
  8 jackals
  3 quokkas (D:2)
  5 frilled lizards
  10 kobolds
  6 rats
75 creatures vanquished.

Vanquished Creatures (others)
  2 withered plants (D:3)
2 creatures vanquished.

Grand Total: 77 creatures vanquished

Notes
Turn   | Place    | Note
-------+----------+-------------------------------------------
     0 | D:1      | Almogavar the Gnoll Wanderer began the quest for the Orb.
     0 | D:1      | Almogavar set off with the following items: a +2 hand axe,
                  | a +0 ring mail, a potion of lignification
     0 | D:1      | Reached XP level 1. HP: 26/26 MP: 1/1
    62 | D:1      | Reached XP level 2. HP: 30/33 MP: 2/2
   357 | D:1      | Reached XP level 3. HP: 38/38 MP: 3/3
   792 | D:2      | Reached skill level 1 in Invocations
   827 | D:2      | Reached skill level 1 in Short Blades
   827 | D:2      | Reached skill level 1 in Long Blades
   827 | D:2      | Reached skill level 1 in Maces & Flails
   827 | D:2      | Reached skill level 1 in Polearms
   827 | D:2      | Reached skill level 1 in Staves
   827 | D:2      | Reached skill level 1 in Slings
   827 | D:2      | Reached skill level 1 in Bows
   827 | D:2      | Reached skill level 1 in Crossbows
   827 | D:2      | Reached skill level 1 in Dodging
   827 | D:2      | Reached skill level 1 in Stealth
   827 | D:2      | Reached skill level 1 in Unarmed Combat
   827 | D:2      | Reached skill level 1 in Spellcasting
   827 | D:2      | Reached skill level 1 in Evocations
   922 | D:2      | Reached XP level 4. HP: 45/45 MP: 5/5
  1083 | D:2      | Reached skill level 1 in Conjurations
  1083 | D:2      | Reached skill level 1 in Hexes
  1083 | D:2      | Reached skill level 1 in Summonings
  1083 | D:2      | Reached skill level 1 in Necromancy
  1083 | D:2      | Reached skill level 1 in Translocations
  1083 | D:2      | Reached skill level 1 in Transmutations
  1083 | D:2      | Reached skill level 1 in Fire Magic
  1083 | D:2      | Reached skill level 1 in Ice Magic
  1083 | D:2      | Reached skill level 1 in Air Magic
  1083 | D:2      | Reached skill level 1 in Earth Magic
  1083 | D:2      | Reached skill level 1 in Poison Magic
  1509 | D:2      | Found a hazy altar of Hepliaklqana.
  1748 | D:3      | Found a shimmering altar of Xom.
  1748 | D:3      | Found a glowing silver altar of Zin.
  1748 | D:3      | Noticed an angel
  1758 | D:3      | Reached XP level 5. HP: 51/51 MP: 6/6
  1768 | D:3      | Found a runed translucent door.
  1769 | D:3      | Noticed danmikkh's ghost (amateur DsMo)
  2135 | D:3      | Found an ornate altar of the Wu Jian Council.
  2366 | D:3      | Noticed Ijyb
  2382 | D:3      | Blown up by Ijyb

Illustrated notes

Levels and vault maps discovered:
D:1:      lordsloth_arrival_two_stooges, layout_basic
D:2:      layout_basic, nzn_hepliaklqana_mist_gate
D:3:      layout_loops_ring, grunt_temple_overflow_order_and_chaos_1,
          nzn_wu_jian_contemplation, gammafunk_ghost_grave, uniq_ijyb

Skill      XL: |  1  2  3  4  5 |
---------------+----------------+-----
Invocations    | 1 |  1.6
Short Blades   | 1 |  1.4
Long Blades    | 1 |  1.4
Maces & Flails | 1 |  1.4
Polearms       | 1 |  1.4
Staves         | 1 |  1.4
Slings         | 1 |  1.4
Bows           | 1 |  1.4
Crossbows      | 1 |  1.4
Dodging        | 1 |  1.4
Stealth        | 1 |  1.4
Unarmed Combat | 1 |  1.4
Spellcasting   | 1 |  1.4
Evocations     | 1 |  1.4
Conjurations   | 1 |  1.1
Hexes          | 1 |  1.1
Summonings     | 1 |  1.1
Necromancy     | 1 |  1.1
Translocations | 1 |  1.1
Transmutations | 1 |  1.1
Fire Magic     | 1 |  1.1
Ice Magic      | 1 |  1.1
Air Magic      | 1 |  1.1
Earth Magic    | 1 |  1.1
Poison Magic   | 1 |  1.1
Throwing       | 3 |  3.0
Shields        | 3 |  3.0
Fighting       | |  8.6
Axes           | |  4.8
Armour         | |  4.8

Action                   |  1- 3 |  4- 6 || total
-------------------------+-------+-------++-------
Melee: Hand axe          |    76 |    99 ||   175
       Bite              |     4 |     5 ||     9
Throw: Dart              |       |     2 ||     2
  Use: Scroll            |     2 |       ||     2
 Stab: Sleeping          |       |     3 ||     3
       Invisible         |       |     1 ||     1
Armor: Ring mail         |    35 |    41 ||    76
Dodge: Dodged            |    46 |    50 ||    96
